 Dungeon Sprint DCSS version 0.19-a0-459-gb8ed64d (webtiles) character file.

74 Kidiri the Firebug (level 4, -6/27 HPs)
             Began as a Gargoyle Fire Elementalist on June 2, 2016.
             Was an Initiate of Vehumet.
             Mangled by a jumping spider (13 damage)
             ... in the Dungeon (Sprint V: "Ziggurat Sprint").
             The game lasted 00:02:53 (216 turns).

Kidiri the Firebug (Gargoyle Fire Elementalist)      Turns: 216, Time: 00:02:54

Health: -6/27      AC:  5    Str: 11    XL:     4   Next: 28%
Magic:  3/10       EV:  6    Int: 29    God:    Vehumet [......]
Gold:   0          SH:  0    Dex: 10    Spells: 3 memorised, 4 levels left

rFire  . . .     SeeInvis .     D - +5 demon whip
rCold  . . .     Gourm    .     a - +0 robe
rNeg   + . .     Faith    .     y - +3 buckler
rPois  ∞         Spirit   .     (no helmet)
rElec  +         Dismiss  .     (no cloak)
rCorr  .         Reflect  .     (no gloves)
SustAt .         Harm     .     (no boots)
MR     .....     NoTele   +     (no amulet)
Stlth  ++........               B - +6 ring of intelligence
                                A - +6 ring of intelligence

@: held, not resistant to hostile enchantments, unstealthy
A: negative energy resistance 1, electricity resistance, unbreathing,
petrification resistance, rot immunity, AC +3
a: Renounce Religion


You were in the Dungeon.
You worshipped Vehumet.
Vehumet was noncommittal.
You were not hungry.

You visited 1 branch

Inventory:

Hand Weapons
 D - a +5 demon whip (weapon)
Armour
 a - a +0 robe (worn)
 y - a +3 buckler (worn)
 z - a +3 large shield
 C - a +3 shield
 I - the +18 shield of the Gong {rElec rN+ MR+ EV-5}
   (You found it in the Dungeon)

   It affects your evasion (-5).
   It insulates you from electricity.
   It protects you from negative energy.
   It affects your resistance to hostile enchantments.
Jewellery
 m - an uncursed ring of resist corrosion
 A - a +6 ring of intelligence (left hand)
 B - a +6 ring of intelligence (right hand)
Wands
 E - a wand of disintegration (7/24)
 F - a wand of iceblast (5/15)
 G - a wand of lightning (5/15)
 H - a wand of acid (5/15)
Scrolls
 i - 4 scrolls of blinking
 p - 4 scrolls of amnesia
 q - 3 scrolls of recharging
 r - 7 scrolls of fog
 s - a scroll of holy word
 t - 5 scrolls of identify
 u - 5 scrolls of remove curse
 v - 2 scrolls of fear
Potions
 d - 10 potions of curing
 e - 8 potions of heal wounds
 f - 6 potions of haste
 g - 7 potions of magic
 h - 2 potions of berserk rage
 j - 2 potions of brilliance
 k - 2 potions of invisibility
 l - 4 potions of resistance
 n - 5 potions of agility
 o - 5 potions of might
Books
 b - a book of Flames

   Spells                             Type                      Level
   a - Flame Tongue                   Conjuration/Fire             1
   b - Throw Flame                    Conjuration/Fire             2
   c - Conjure Flame                  Conjuration/Fire             3
   d - Inner Flame                    Hexes/Fire                   3
   e - Sticky Flame                   Conjuration/Fire             4
   f - Fireball                       Conjuration/Fire             5
Comestibles
 c - 5 bread rations
 w - 42 fruits
 x - 4 meat rations


   Skills:
 + Level 2.5 Fighting
 + Level 2.5 Maces & Flails
 + Level 2.9 Armour
 + Level 2.7 Dodging
 - Level 2.1 Stealth
 + Level 2.5 Shields
 * Level 4.1 Spellcasting
 * Level 4.1 Conjurations
 * Level 4.8 Fire Magic
 + Level 2.2 Evocations


You had 4 spell levels left.
You knew the following spells:

 Your Spells              Type           Power        Failure   Level  Hunger
a - Flame Tongue          Conj/Fire      ####.        1%          1    None
b - Throw Flame           Conj/Fire      ####..       1%          2    None
c - Sticky Flame          Conj/Fire      ####....     14%         4    ####...


Dungeon Overview and Level Annotations

Branches:
Dungeon (1/1)

Altars:
Ashenzari
Cheibriados
Dithmenos
Elyvilon
Fedhas
Gozag
Hepliaklqana
Kikubaaqudgha
Makhleb
Nemelex Xobeh
Okawaru
Pakellas
Qazlal
Ru
Sif Muna
Trog
Uskayaw
Vehumet
Xom
Yredelemnul
Zin
The Shining One
Beogh
Jiyva
Lugonu


Innate Abilities, Weirdness & Mutations

You are resistant to torment.
Your stone body is resilient. (AC +3)
You are immune to poison.
You resist negative energy. (rN+)
You are resistant to electric shocks. (rElec)
You can survive without breathing.
You are immune to petrification.
You are immune to rotting.


Message History

Confirm with . or Enter, or press ? or * to list all spells.
You don't have enough magic to cast that spell.
Unknown command.
Unknown command.
You hit the tarantella.
The tarantella is heavily wounded.
The tarantella burns!
The jumping spider pounces on you! The jumping spider bites you.
The tarantella bites you. The scorpion stings you.
The jumping spider pounces on you!
* * * LOW HITPOINT WARNING * * *
You are caught in a web!
The jumping spider bites you.
* * * LOW HITPOINT WARNING * * *
You feel much better.
The tarantella burns!
The tarantella bites you! The jumping spider closely misses you.
The jumping spider bites you. The tarantella barely misses you.
The scorpion stings you!
* * * LOW HITPOINT WARNING * * *
Unknown command.
You struggle to detach yourself from the web.
The tarantella burns!
The jumping spider pounces on you!
You die...

▓▓▓▓▓▓▓▓▓▓▓▓▓
▓.8©8.▓.8©8.▓
▓.|:).▓.....▓
▓.....▓...[.▓
▓.....▓.....▓
▓.....▓.....▓
▓.sss.▓.....▓
▓..@..▓▓▓▓▓▓▓
▓▓▓▓▓▓▓


You could see a jumping spider, a tarantella (burning) and a scorpion.

Vanquished Creatures
  A crimson imp (D)
  A quasit (D)
2 creatures vanquished.

Notes
Turn   | Place    | Note
--------------------------------------------------------------
     0 | D        | Kidiri the Gargoyle Fire Elementalist began the quest for the Orb.
     0 | D        | Reached XP level 1. HP: 10/10 MP: 3/3
     0 | D        | Found a blossoming altar of Fedhas.
     0 | D        | Found a snail-covered altar of Cheibriados.
     0 | D        | Found a viscous altar of Jiyva.
     0 | D        | Found a roughly hewn altar of Beogh.
     0 | D        | Found a corrupted altar of Lugonu.
     1 | D        | Found a white marble altar of Elyvilon.
     1 | D        | Found a shimmering altar of Xom.
     3 | D        | Found a deep blue altar of Sif Muna.
     3 | D        | Found a burning altar of Makhleb.
     3 | D        | Found a bloodstained altar of Trog.
     3 | D        | Found an iron altar of Okawaru.
     3 | D        | Found a sparkling altar of Nemelex Xobeh.
     3 | D        | Found a radiant altar of Vehumet.
    59 | D        | Became a worshipper of Vehumet
    60 | D        | Reached skill level 1 in Fighting
    60 | D        | Reached skill level 1 in Maces & Flails
    60 | D        | Reached skill level 1 in Shields
    60 | D        | Reached skill level 1 in Evocations
    60 | D        | Reached XP level 2. HP: 17/17 MP: 4/6
    64 | D        | Learned a level 2 spell: Throw Flame
    71 | D        | Entered arena 1.
    71 | D        | Noticed a crimson imp
    99 | D        | Reached XP level 3. HP: 14/21 MP: 8/8
   105 | D        | Reached XP level 4. HP: 17/27 MP: 10/10
   209 | D        | Learned a level 4 spell: Sticky Flame
   209 | D        | Entered arena 2.
   209 | D        | Noticed a tarantella
   209 | D        | Noticed a jumping spider
   216 | D        | Mangled by a jumping spider

Vault maps used:
D:        sprint_v

Skill      XL: |  1  2  3 |
---------------+----------+-----
Fighting       | 1 2 |  2.5
Maces & Flails | 1 2 |  2.5
Armour         | 2 |  2.9
Dodging        | 2 |  2.7
Shields        | 1 2 |  2.5
Spellcasting   | 3 4 |  4.1
Conjurations   | 3 4 |  4.1
Fire Magic     | 4 |  4.8
Evocations     | 1 2 |  2.2
Stealth        | |  2.1

Action                   |  1- 3 |  4- 6 || total
-------------------------+-------+-------++-------
Melee: Unarmed           |    13 |       ||    13
       Demon whip        |    16 |     1 ||    17
 Cast: Flame Tongue      |       |     3 ||     3
       Sticky Flame      |       |     1 ||     1
  Use: Potion            |     3 |     1 ||     4
Armor: Robe              |    38 |       ||    38
Dodge: Dodged            |    49 |     4 ||    53
Block: Buckler           |    28 |     1 ||    29
